 Dungeon Crawl Stone Soup version 0.27-b1-42-g19c61b19a5 (webtiles) character file.

Game seed: 4758638039963346531

4799 asdfasdfdf the Cleaver (level 10, -1/65 HPs)
             Began as a Gargoyle Fighter on July 30, 2021.
             Was a Follower of Okawaru.
             Slain by a two-headed ogre (19 damage)
             ... on level 9 of the Dungeon.
             The game lasted 00:08:29 (8707 turns).

asdfasdfdf the Cleaver (Gargoyle Fighter)           Turns: 8707, Time: 00:08:29

Health: -1/65      AC: 24    Str: 30    XL:     10   Next: 48%
Magic:  12/12      EV:  6    Int:  8    God:    Okawaru [*.....]
Gold:   394        SH: 13    Dex: 15    Spells: 9/9 levels left

rFire    . . .     SeeInvis .   a - +0 war axe
rCold    . . .     Faith    .   c - +0 kite shield
rNeg     + . .     Spirit   .   p - +0 plate armour
rPois    ∞         Reflect  .   e - +2 helmet
rElec    +         Harm     .   (no cloak)
rCorr    .         Rampage  .   s - +2 pair of gloves
Will     .....                  (no boots)
Stlth    ..........             (no amulet)
HPRegen  0.20/turn              f - +6 ring of strength
MPRegen  0.13/turn              d - +6 ring of dexterity

@: no status effects
A: sickness immunity, AC +7, negative energy resistance 1, electricity
resistance, torment resistance 1, petrification resistance
a: Renounce Religion, Heroism


You were on level 9 of the Dungeon.
You worshipped Okawaru.
Okawaru was aware of your devotion.
You visited 2 branches of the dungeon, and saw 10 of its levels.

You collected 394 gold pieces.

Inventory:

Hand Weapons
 a - a +0 war axe (weapon)
 k - the +8 war axe "Nibattirch" {flame, Int+2 SInv}
   (You found it on level 8 of the Dungeon)

   It burns those it strikes, dealing additional fire damage.
   Big, fiery blades are also staple armaments of hydra-hunters.
   Int:       It affects your intelligence (+2).
   SInv:      It lets you see invisible.
Missiles
 u - a throwing net (quivered)
Armour
 b - a +0 scale mail
 c - a +0 kite shield (worn)
 e - a +2 helmet (worn)
 p - a +0 plate armour (worn)
 q - a +1 ring mail of cold resistance
 s - a +2 pair of gloves (worn)
Jewellery
 d - a +6 ring of dexterity (right hand)
 f - a +6 ring of strength (left hand)
 i - a ring of see invisible
 j - a ring of ice
 v - a ring of positive energy
Wands
 l - a wand of polymorph (8)
Scrolls
 g - a scroll of summoning {unknown}
 h - a scroll of fear {unknown}
 m - a scroll of fog {unknown}
 r - 2 scrolls of identify
 t - a scroll of teleportation
Potions
 n - 4 potions of magic
 o - a potion of lignification
 w - a potion of heal wounds
 M - a potion of mutation


   Skills:
 + Level 8.8 Fighting
 * Level 9.8 Axes
 - Level 3.2 Armour
 + Level 8.8 Shields
 + Level 3.0 Invocations


You had 9 spell levels left.
You didn't know any spells.
Your spell library contained the following spells:

 Spells                   Type           Power      Damage    Failure   Level
 Ozocubu's Armour         Ice            0%         N/A       100%        3
 Ozocubu's Refrigeration  Ice            0%         4d5       100%        7


Dungeon Overview and Level Annotations

Branches:
Dungeon (9/15)             Temple (1/1) D:4
   Lair: D:8-11         Orc: D:9-12

Altars:
Ashenzari
Cheibriados
Elyvilon
Fedhas
Gozag
Hepliaklqana
Makhleb
Okawaru
Qazlal
Ru
Sif Muna
Vehumet
Wu Jian
Xom
Yredelemnul
Zin
The Shining One


Innate Abilities, Weirdness & Mutations

You are immune to sickness and miasma.
Your stone body is resilient. (AC +7)
You are immune to poison.
You resist negative energy. (rN+)
You are resistant to electric shocks. (rElec)
You are resistant to unholy torment.
You are immune to petrification.


Message History

You barely miss the howler monkey. You hit the howler monkey.
You slash the yak! The yak gores you but does no damage.
You block the howler monkey's attack.
The howler monkey hits you but does no damage.
You block the yak's attack.
You slice the howler monkey!!
You kill the howler monkey!
Okawaru accepts your kill.
You hit the howler monkey. You hit the yak but do no damage.
The howler monkey hoots and howls with incredible vigour!
You block the yak's attack.
You slash the howler monkey!
You kill the howler monkey!
Okawaru accepts your kill.
You barely miss the yak. The yak gores you but does no damage.
You completely miss the yak. The yak barely misses you.
You barely miss the yak. The yak completely misses you.
You completely miss the yak. You block the yak's attack.
You slash the yak! The yak barely misses you. x2
You hit the yak. The yak barely misses you.
You hit the yak but do no damage. You block the yak's attack.
You hit the yak. You block the yak's attack.
You hit the yak but do no damage. The yak gores you but does no damage.
You hit the yak.
You kill the yak!
Okawaru accepts your kill.
No target in view!
No target in view!
No target in view!
No target in view!
No target in view!
No target in view!
You climb downwards.
The yak gores you but does no damage. The yak gores you.
The centaur zombie hits you but does no damage.
The centaur zombie kicks you but does no damage.
You block the yak's attack. x2; The yak gores you but does no damage.
The centaur zombie hits you but does no damage.
The centaur zombie kicks you but does no damage.
There is a stone staircase leading up here.
Unknown command.
The yak gores you but does no damage. You block the yak's attack.
The centaur zombie hits you but does no damage.
The centaur zombie kicks you but does no damage.
You block the yak's attack.
You climb upwards.
There is a stone staircase leading down here.
Unknown command.
The yak gores you but does no damage. The yak gores you but does no damage.
You see here a yak corpse.
You closely miss the yak. The yak gores you but does no damage.
You barely miss the yak. You barely miss the yak. The yak closely misses you.
You hit the yak but do no damage. The yak gores you but does no damage.
You completely miss the yak. The yak gores you but does no damage.
You barely miss the yak. The yak gores you but does no damage.
You hit the yak but do no damage. The yak gores you but does no damage.
You closely miss the yak. The yak gores you!
You slash the yak! You block the yak's attack. x2
You hit the yak but do no damage. You block the yak's attack.
You closely miss the yak. The yak completely misses you.
You hit the yak. The yak gores you!
You slash the yak! The yak gores you but does no damage.
You slice the yak!!
You kill the yak!
Okawaru accepts your kill.
Your plate armour prevents you from hitting the yak.
The yak barely misses you.
You closely miss the yak. The yak gores you but does no damage.
You hit the yak. The yak gores you!
You barely miss the yak. The yak gores you but does no damage.
You barely miss the yak. You block the yak's attack.
The yak completely misses you.
You hit the yak but do no damage. The yak completely misses you.
Your plate armour prevents you from hitting the yak.
You block the yak's attack.
You hit the yak. You block the yak's attack.
You hit the yak but do no damage. You block the yak's attack.
You hit the yak but do no damage. The yak gores you but does no damage.
You barely miss the yak. The yak gores you but does no damage.
The yak gores you.
You hit the yak but do no damage. The yak gores you but does no damage.
You slash the yak! The yak gores you but does no damage.
You slash the yak! The yak completely misses you.
You slash the yak!
You kill the yak!
Okawaru accepts your kill.
You slash the yak! The yak gores you but does no damage.
You barely miss the yak. The yak gores you but does no damage.
You block the yak's attack.
You slice the yak!! You block the yak's attack.
You slash the yak!
You kill the yak!
Okawaru accepts your kill.
Your Invocations skill increases to level 3!
No target in view!
No target in view!
No target in view!
No target in view!
No target in view!
No target in view!
No target in view!
No target in view!
No target in view!
No target in view!
No target in view!
No target in view!
No target in view!
No target in view!
No target in view!
Things that are here:
a yak corpse; a yak corpse
There is a stone staircase leading down here.
You climb downwards.
The centaur zombie hits you but does no damage.
You block the centaur zombie's attack.
The centaur zombie hits you but does no damage.
The centaur zombie kicks you but does no damage.
There is a stone staircase leading up here.
But you're not safe!
You hit the centaur zombie.
The centaur zombie hits you but does no damage.
You block the centaur zombie's attack.
You hit the centaur zombie.
The centaur zombie hits you but does no damage.
The centaur zombie kicks you but does no damage.
You block the centaur zombie's attack. The centaur zombie barely misses you.
You slash the centaur zombie!
You block the centaur zombie's attack. x2
A two-headed ogre comes into view. It is wielding two +0 giant clubs.
You slash the centaur zombie! You block the centaur zombie's attack.
The centaur zombie kicks you but does no damage.
You block the centaur zombie's attack. The centaur zombie closely misses you.
You hit the centaur zombie.
The centaur zombie hits you but does no damage.
You block the centaur zombie's attack.
You hit the centaur zombie.
You block the centaur zombie's attack. x2
The centaur zombie hits you but does no damage.
You block the centaur zombie's attack.
You slash the centaur zombie!
You destroy the centaur zombie!
Okawaru accepts your kill.
Found 17 gold pieces.
You slice the two-headed ogre!!
The two-headed ogre hits you with a +0 giant club.
You block the two-headed ogre's attack.
You slash the two-headed ogre!
The two-headed ogre hits you with a +0 giant club!
* * * LOW HITPOINT WARNING * * *
The two-headed ogre hits you with a +0 giant club!!
You die...

..... ....
...
.#########..#
............#
............#
.........O..#
..$.....@...#
...#..<....#
#####...#
......
......#
8.8....
.......
....8.$


You could see a two-headed ogre.

Vanquished Creatures
  A kobold demonologist (D:5)
  A hornet (D:7)
  6 yaks (D:8)
  A steam dragon (D:8)
  An acid dragon (D:6)
  A water moccasin (D:5)
  2 orc warriors (D:8)
  A black bear (D:6)
  4 ice beasts
  A sky beast (D:6)
  2 ogres (D:5)
  A centaur (D:6)
  A phantom (D:4)
  4 bullfrogs
  A gnoll sergeant (D:5)
  5 scorpions
  A water moccasin skeleton (D:5)
  4 wights (D:8)
  3 howler monkeys (D:8)
  A centaur zombie (D:9)
  A bullfrog zombie (D:6)
  5 hounds
  4 jellies
  4 gnoll shamans
  3 orc priests
  Natasha (thrice) (D:2)
  3 orc wizards
  2 hound skeletons (D:4)
  A howler monkey zombie (D:8)
  6 adders
  20 gnolls
  2 howler monkey skeletons
  A shadow imp (D:6)
  3 ufetubi
  An adder skeleton (D:4)
  5 worms
  2 dart slugs
  21 orcs
  6 endoplasms
  2 giant cockroaches
  7 goblins
  9 hobgoblins
  5 jackals
  A quokka (D:5)
  5 ball pythons
  2 bats
  3 frilled lizards
  6 kobolds
  5 rats
180 creatures vanquished.

Vanquished Creatures (collateral kills)
  An orc (D:8)
1 creature vanquished.

Vanquished Creatures (others)
  10 fungi (D:4)
  2 plants (D:4)
  2 toadstools (D:4)
14 creatures vanquished.

Grand Total: 195 creatures vanquished

Notes
Turn   | Place    | Note
-------+----------+-------------------------------------------
     0 | D:1      | asdfasdfdf the Gargoyle Fighter began the quest for the
                  | Orb.
     0 | D:1      | Reached XP level 1. HP: 14/14 MP: 1/1
   284 | D:1      | Reached skill level 2 in Axes
   302 | D:1      | Found a faded altar of an unknown god.
   319 | D:1      | Reached XP level 2. HP: 16/19 MP: 2/2
   983 | D:2      | Reached XP level 3. HP: 23/23 MP: 3/3
  1197 | D:2      | Noticed Natasha
  1210 | D:2      | Killed Natasha
  1211 | D:2      | Reached XP level 4. HP: 14/29 MP: 4/4
  1269 | D:2      | Noticed Natasha
  1279 | D:2      | Killed Natasha
  1280 | D:2      | Reached skill level 3 in Axes
  1568 | D:2      | Noticed Natasha
  1576 | D:2      | Killed Natasha
  1577 | D:2      | Reached XP level 5. HP: 32/33 MP: 5/5
  1849 | D:3      | Found a basalt altar of Yredelemnul.
  2411 | D:3      | Reached skill level 4 in Axes
  2615 | D:4      | Noticed a phantom
  2622 | D:4      | Killed a phantom
  2623 | D:4      | Reached XP level 6. HP: 37/39 MP: 6/6
  2851 | D:4      | Found a staircase to the Ecumenical Temple.
  2861 | Temple   | Entered the Ecumenical Temple
  3278 | D:4      | Reached skill level 5 in Shields
  3330 | D:4      | Reached skill level 5 in Fighting
  3335 | D:4      | Reached XP level 7. HP: 22/44 MP: 7/7
  3343 | D:4      | Reached skill level 5 in Axes
  3675 | D:4      | Found an ornate altar of the Wu Jian Council.
  4039 | D:5      | Entered Level 5 of the Dungeon
  4174 | D:5      | Found the +27 Lear's hauberk
  4521 | D:5      | Reached XP level 8. HP: 11/51 MP: 8/8
  4753 | D:5      | Found a sacrificial altar of Ru.
  4767 | D:5      | Reached skill level 6 in Axes
  4768 | D:5      | Found a hazy altar of Hepliaklqana.
  5379 | D:5      | Reached skill level 7 in Axes
  5426 | D:5      | Noticed a kobold demonologist
  5447 | D:5      | Killed a kobold demonologist
  5448 | D:5      | Reached XP level 9. HP: 40/57 MP: 9/9
  5668 | D:6      | Reached skill level 8 in Axes
  5718 | D:6      | Found a glowing silver altar of Zin.
  5854 | D:6      | Found a stormy altar of Qazlal.
  6462 | D:7      | Noticed a hornet
  6477 | D:7      | Killed a hornet
  7123 | D:8      | Found an iron altar of Okawaru.
  7126 | D:8      | Reached skill level 9 in Axes
  7142 | D:8      | Became a worshipper of Warmaster Okawaru
  7323 | D:8      | Identified the +8 war axe "Nibattirch" {flame, Int+2 SInv}
  7517 | D:8      | Reached skill level 1 in Invocations
  7517 | D:8      | Reached XP level 10. HP: 35/64 MP: 10/10
  7671 | D:8      | Found a broken altar of Ashenzari.
  8607 | D:8      | Reached * piety under Okawaru
  8700 | D:9      | Noticed a two-headed ogre
  8707 | D:9      | Slain by a two-headed ogre

Illustrated notes

Levels and vault maps discovered:
D:1:      lightli_iron_boxes, layout_loops_ring,
          hellmonk_ecumenical_altar_run_dry
D:2:      layout_loops_cross, uniq_natasha
D:3:      layout_basic, nicolae_overflow_crystal_walls, minivault_4,
          minmay_misc_feat_x, dk_noncrumbling_3, kennysheep_generic_room_14
D:4:      layout_loops_ring, nicolae_wu_jian_immortal_techniques,
          minmay_temple_entry_enclosed_plants, chequers_arboretum,
          minmay_gold_behind_fungi, small_statue_intersection
D:5:      minmay_chambers_of_threes, layout_basic, grunt_temple_overflow_open,
          cheibrodos_sewer_entry_drain
D:6:      layout_rooms, mainiacjoe_overflow_alcove_2,
          nicolae_qazlal_general_emergency, water_boxes_lemuel
D:7:      layout_loops_ring
D:8:      layout_loops_ring, nicolae_ashenzari_panopticon,
          okawaru_altar_gauntlet_db, chequers_serial_rivers_micro_e
D:9:      minmay_evil_eye, layout_grid_maze, lemuel_coloured_pillars_altar,
          nicolae_overflow_hidden_temple, nemelex_diamond_rough_becter,
          nicolae_uskayaw_dance_hall, minmay_statue_crystal_thing
Temple:   compressed_dpeg_triangle_lava_temple

Skill      XL: |  1  2  3  4  5  6  7  8  9 10 |
---------------+-------------------------------+-----
Axes           | 2 3 4 5 7 9 |  9.8
Fighting       | 4 5 7 8 |  8.8
Shields        | 4 5 7 8 |  8.8
Invocations    | 1 3 |  3.0
Armour         | |  3.2

Action                   |  1- 3 |  4- 6 |  7- 9 | 10-12 || total
-------------------------+-------+-------+-------+-------++-------
Melee: War axe           |    81 |   159 |   389 |   139 ||   768
Evoke: Wand              |       |       |     4 |     2 ||     6
  Use: Potion            |       |     1 |     6 |       ||     7
       Scroll            |       |       |    11 |       ||    11
Armor: Scale mail        |    37 |    99 |   130 |       ||   266
       Chain mail        |       |       |    87 |       ||    87
       Plate armour      |       |       |    85 |    86 ||   171
       Skin              |       |       |    39 |       ||    39
Dodge: Dodged            |    32 |    43 |   141 |    43 ||   259
Block: Kite shield       |    50 |    99 |   303 |    84 ||   536
